 Dungeon Crawl Stone Soup version 0.31-a0-271-gb88eb75e06 (webtiles) character file.

Game seed: 15906272334112711859

22854 Newt the Alchemist (level 12, -9/85 HPs)
             Began as a Demonspawn Gladiator on July 14, 2023.
             Was a Priest of Hepliaklqana.
             Mangled by a reaper
             ... wielding a +2 scythe of freezing
              (37 damage)
             ... in an ice cave.
             The game lasted 00:17:57 (14207 turns).

Newt the Alchemist (Demonspawn Gladiator)          Turns: 14207, Time: 00:17:58

Health: -9/85      AC: 16    Str: 23    XL:     12   Next: 66%
Magic:  16/16      EV: 13    Int: 10    God:    Hepliaklqana [***...]
Gold:   593        SH: 11    Dex: 18    Spells: 15/17 levels left

rFire   . . .        e - +7 long sword of Ashenzari's Pride {drain, rF- Str+4 Dex+3}
rCold   + + +        A - +3 kite shield {AC+3}
rNeg    . . .        d - +3 leather armour {Will+}
rPois   .            c - +1 helmet
rElec   .            w - scarf {rC+ rF+}
rCorr   .            (no gloves)
SInv    .            L - +0 pair of boots
Will    +....        (no amulet)
Stlth   +            s - ring of protection from cold
HPRegen 0.34/turn    p - ring of protection from cold
MPRegen 0.30/turn

%: no passive effects
@: about to teleport, very slow
A: reduced essence, rugged brown scales 3, spiny 2, magic regeneration
a: Renounce Religion, Recall Ancestor, Ancestor Identity, Transference


You were in an ice cave.
You worshipped Hepliaklqana.
Hepliaklqana was most pleased with you.
You visited 3 branches of the dungeon, and saw 13 of its levels.
You also visited: Ossuary and Ice Cave.

You collected 1078 gold pieces.
You spent 485 gold pieces at shops.

Inventory:

Hand Weapons
 a - a +0 rapier
 e - the +7 long sword of Ashenzari's Pride (weapon) {drain, rF- Str+4 Dex+3}
   (You found it on level 1 of the Lair of Beasts)

   Str:       It affects your strength (+4).
   Dex:       It affects your dexterity (+3).
   rF:        It makes you vulnerable to fire.
 g - a +0 vampiric dagger
 j - a +1 whip of venom
 v - a +4 war axe
 x - a +1 flail of pain
 H - a +1 broad axe of draining
 I - a +1 broad axe of flaming
Missiles
 m - 22 boomerangs
 K - a javelin
Armour
 b - a +0 leather armour
 c - a +1 helmet (worn)
 d - a +3 leather armour of willpower (worn)
 u - a +2 cloak of stealth
 w - a scarf of resistance (worn)
 z - a +1 leather armour of fire resistance
 A - a +3 kite shield of protection (worn)
 L - a +0 pair of boots (worn)
 Q - a +2 leather armour of resistance
Jewellery
 k - a ring of resist corrosion
 p - a ring of protection from cold (right hand)
 s - a ring of protection from cold (left hand)
 M - a ring of ice
Wands
 o - a wand of charming (13)
 F - a wand of flame (29)
 J - a wand of acid (4)
Scrolls
 t - 4 scrolls of fog
 y - 2 scrolls of fear
 C - 2 scrolls of amnesia
 N - 2 scrolls of enchant armour
 O - a scroll of teleportation
Potions
 f - 2 potions of attraction
 h - 2 potions of heal wounds
 i - 2 potions of resistance
 l - 3 potions of degeneration
 n - 2 potions of might {unknown}
 q - 3 potions of brilliance
 r - 3 potions of enlightenment
 B - 2 potions of curing
 D - a potion of berserk rage
 E - a potion of lignification {unknown}
 G - a potion of mutation {unknown}
Miscellaneous
 P - a condenser vane (inert) (quivered)


   Skills:
 - Level 6.0 Fighting
 - Level 2.6(6.7) Short Blades
 - Level 9.8(10.0) Long Blades
 - Level 5.5(6.0) Axes
 - Level 3.1(4.8) Maces & Flails
 - Level 1.7 Throwing
 + Level 8.0 Armour
 - Level 5.0 Dodging
 - Level 3.0 Spellcasting
 - Level 10.1 Transmutations
 - Level 6.0 Evocations


You had 15 spell levels left.
You knew the following spells:

 Your Spells              Type           Power      Damage    Failure   Level
a - Wereblood             Tmut           21%        N/A       1%          2

Your spell library contained the following spells:

 Spells                   Type           Power      Damage    Failure   Level
 Irradiate                Conj/Tmut      5%         3d13      95%         5


Dungeon Overview and Level Annotations

Branches:
Dungeon (9/15)             Temple (1/1) D:7            Lair (3/5) D:8
 Shoals (0/4) Lair:2      Ossuary (visited)           IceCv (1/1)
  Snake: Lair:2-3    Spider: Lair:2-3       Orc: D:9-12

Altars:
Cheibriados
Fedhas
Gozag
Hepliaklqana
Kikubaaqudgha
Makhleb
Nemelex Xobeh
Okawaru
Qazlal
Ru
Uskayaw
Vehumet
Wu Jian
Xom
Yredelemnul

Shops:
D:1 ((   D:8 (


Innate Abilities, Weirdness & Mutations

Your life essence is reduced to manifest your ancestor. (-10% HP)
You are completely covered in rugged brown scales. (AC +3, +7% HP)
You are mostly covered in sharp spines.
You regenerate magic rapidly.


Message History

The reaper freezes you.
You swap places.
The cane toad simulacrum barely misses Tihomir.
Tihomir hits the cane toad simulacrum with a +0 quarterstaff.
You are too injured to fight recklessly!
The cane toad simulacrum hits Tihomir!
The cane toad simulacrum freezes Tihomir.
Tihomir resists.
Tihomir hits the cane toad simulacrum with a +0 quarterstaff!
The cane toad simulacrum vaporises!
Unknown command.
Something hits Tihomir!!!
Something freezes Tihomir!
Tihomir is destroyed!
You howl as the wereblood boils in your veins!
You howl as the wereblood boils in your veins!
You howl as the wereblood boils in your veins!
You howl as the wereblood boils in your veins!
Your primal bloodlust is almost over.
You enter the shallow water.
Moving in this stuff is going to be slow.
You howl as the wereblood boils in your veins!
Your primal bloodlust has ended.
The reaper shouts, "I have come for you, Newt!"
You feel much better.
Okay, then.
Unknown command.
Clouds condense from the air!
The condenser dries out!
The reaper is engulfed in blazing flames.
The reaper hits you from afar with a +2 scythe of freezing!!
The troll simulacrum is engulfed in blazing flames.
Unknown command.
Unknown command.
Unknown command.
Unknown command.
Unknown command.
Okay, then.
As you read the scroll of teleportation, it crumbles to dust.
You feel strangely unstable.
The reaper hits you from afar with a +2 scythe of freezing!!!
You die...

#...## ###..#
##...## #..###
##..# ##..## #..###
##.~~############
####~@#≈~~##..2###
##~~2§#~..##..##
#~#~#Z§§#####..#
#~#####....#..#####
## #.....#..#.2.##.
#...#########.2.
#...# #### #####


You could see a reaper and a troll simulacrum.

Vanquished Creatures
  Fannar (Lair:1)
  A death yak (Lair:1)
  Nergalle (Lair:2)
  An ugly thing (IceCv)
  9 elephants
  2 black mambas
  Joseph (D:7)
  A torpor snail (Lair:1)
  An ice statue (IceCv)
  5 cane toads
  3 komodo dragons (Lair:1)
  A burning bush (Lair:2)
  3 blink frogs
  A hornet (Lair:2)
  2 polar bears (Lair:2)
  Grinder (D:6)
  Sigmund (D:4)
  Eustachio (D:5)
  2 wyverns
  7 yaks
  A death yak simulacrum (IceCv)
  Edmund (D:6)
  3 water moccasins
  Duvessa (D:7)
  A sky beast (D:6)
  2 orc warriors (D:8)
  2 ice beasts
  3 ogres
  6 wolves (Lair:1)
  2 phantoms (D:5)
  A kobold brigand (D:6)
  10 bullfrogs
  3 two-headed ogre simulacra (IceCv)
  5 wights (D:8)
  Dowan (D:7)
  An elephant simulacrum (Lair:3)
  3 howler monkeys (D:8)
  4 jellies
  4 orc priests
  Crazy Yiuf (D:5)
  2 gnoll boudas
  3 hounds
  2 sleepcaps
  7 iguanas
  5 orc wizards
  2 troll simulacra (IceCv)
  A polar bear simulacrum (IceCv)
  A wolf simulacrum (IceCv)
  8 mummies (Ossuary)
  17 gnolls
  11 adders
  2 shadow imps
  4 white imps (IceCv)
  4 ufetubi
  2 worms (D:3)
  A dart slug (D:1)
  22 orcs
  11 bats
  7 endoplasms
  2 giant cockroaches
  12 goblins
  6 hobgoblins
  5 jackals
  12 kobolds
  5 quokkas
  9 ball pythons
  6 frilled lizards
  3 gnoll zombies (Ossuary)
  2 hobgoblin zombies (Ossuary)
  3 orc zombies (Ossuary)
  9 rats
286 creatures vanquished.

Vanquished Creatures (collateral kills)
  A hydra (Lair:3)
  A boulder beetle (Lair:2)
  A skyshark (Lair:2)
  2 elephants (Lair:2)
  3 black mambas
  A cane toad (Lair:2)
  A rime drake (Lair:2)
  4 blink frogs
  2 yaks (Lair:3)
  A basilisk (Lair:1)
  A death yak simulacrum (IceCv)
  2 water moccasins (Lair:2)
  4 wolves (Lair:1)
  A two-headed ogre simulacrum (IceCv)
  A cane toad simulacrum (IceCv)
  A troll simulacrum (IceCv)
  3 spriggan simulacra (IceCv)
  A wolf simulacrum (Lair:3)
  A naga simulacrum (IceCv)
  A white imp (IceCv)
  2 bats (Lair:3)
35 creatures vanquished.

Vanquished Creatures (others)
  3 ancestors
  4 battlemagi
7 creatures vanquished.

Grand Total: 328 creatures vanquished

Notes
Turn   | Place    | Note
-------+----------+-------------------------------------------
     0 | D:1      | Newt the Demonspawn Gladiator began the quest for the Orb.
     0 | D:1      | Reached XP level 1. HP: 16/16 MP: 1/1
   112 | D:1      | Gained mutation: You are partially covered in rugged brown
                  | scales. (AC +1, +3% HP) [demonic ancestry]
   112 | D:1      | Reached XP level 2. HP: 11/23 MP: 2/2
   283 | D:1      | Found Kuyfruat's Antique Weapon Shop.
   698 | D:1      | Found Jefept's Antique Weapon Shoppe.
   793 | D:1      | Reached XP level 3. HP: 29/29 MP: 3/3
  1088 | D:2      | Reached skill level 1 in Maces & Flails
  1094 | D:2      | Reached XP level 4. HP: 32/38 MP: 4/4
  2167 | D:3      | Gained mutation: You are mostly covered in rugged brown
                  | scales. (AC +2, +5% HP) [demonic ancestry]
  2167 | D:3      | Reached XP level 5. HP: 38/44 MP: 5/5
  2269 | D:3      | Learned a level 2 spell: Wereblood
  2977 | D:1      | Bought a glowing flail for 149 gold pieces
  3105 | D:4      | Noticed Sigmund
  3124 | D:4      | Killed Sigmund
  3125 | D:4      | Reached skill level 2 in Transmutations
  3125 | D:4      | Gained mutation: You regenerate magic rapidly. [demonic
                  | ancestry]
  3125 | D:4      | Reached XP level 6. HP: 16/50 MP: 6/9
  3377 | D:4      | Found a basalt altar of Yredelemnul.
  4454 | D:5      | Entered Level 5 of the Dungeon
  4491 | D:5      | Reached skill level 3 in Transmutations
  4496 | D:5      | Noticed Eustachio
  4507 | D:5      | Killed Eustachio
  4508 | D:5      | Reached XP level 7. HP: 56/56 MP: 11/11
  4800 | D:5      | Reached skill level 5 in Dodging
  4800 | D:5      | Reached skill level 1 in Axes
  5429 | D:5      | Gained mutation: You are partially covered in sharp spines.
                  | [demonic ancestry]
  5429 | D:5      | Reached XP level 8. HP: 62/63 MP: 12/12
  5595 | D:5      | Found a runed translucent door.
  5596 | D:5      | Noticed Crazy Yiuf
  5853 | D:5      | Found a blossoming altar of Fedhas.
  6027 | D:5      | Killed Crazy Yiuf
  6412 | D:6      | Noticed Edmund
  6428 | D:6      | Killed Edmund
  6429 | D:6      | Reached skill level 5 in Axes
  6935 | D:6      | Reached skill level 5 in Fighting
  7059 | D:6      | Reached skill level 1 in Armour
  7059 | D:6      | Gained mutation: You are completely covered in rugged brown
                  | scales. (AC +3, +7% HP) [demonic ancestry]
  7059 | D:6      | Reached XP level 9. HP: 60/73 MP: 13/13
  7104 | D:6      | Noticed Grinder
  7117 | D:6      | Killed Grinder
  7327 | D:6      | Found a sparkling altar of Nemelex Xobeh.
  7337 | D:6      | Reached skill level 4 in Transmutations
  7742 | D:7      | Noticed Joseph
  7756 | D:7      | Killed Joseph
  7869 | D:7      | Found an ornate altar of the Wu Jian Council.
  7869 | D:7      | Found a shimmering altar of Xom.
  7872 | D:7      | Noticed Duvessa
  7873 | D:7      | Noticed Dowan
  7885 | D:7      | Killed Duvessa
  7885 | D:7      | Killed Dowan
  7886 | D:7      | Reached skill level 5 in Transmutations
  8252 | D:7      | Found a staircase to the Ecumenical Temple.
  8342 | Temple   | Entered the Ecumenical Temple
  8383 | Temple   | Became a worshipper of Hepliaklqana the Forgotten
  8797 | D:8      | Found a sand-covered staircase.
  8802 | Ossuary  | Entered an ossuary
  8972 | D:8      | Identified a scroll of acquirement
  8972 | D:8      | Acquired a +0 kite shield of protection
  8996 | D:8      | Reached skill level 5 in Armour
  8996 | D:8      | Reached skill level 6 in Transmutations
  9085 | D:8      | Found an opulent altar of Gozag.
  9108 | D:8      | Found Nipaure's Antique Weapon Boutique.
  9113 | D:8      | Bought a runed broad axe for 168 gold pieces
  9113 | D:8      | Bought a glowing broad axe for 168 gold pieces
  9159 | D:8      | Found a sacrificial altar of Ru.
  9184 | D:8      | Gained mutation: You are mostly covered in sharp spines.
                  | [demonic ancestry]
  9184 | D:8      | Reached XP level 10. HP: 53/81 MP: 14/14
  9421 | D:8      | Reached skill level 7 in Transmutations
  9555 | D:8      | Reached * piety under Hepliaklqana
  9588 | D:8      | Found a staircase to the Lair.
  9900 | D:9      | HP: 3/73 [something/ball of steam (6)]
 10158 | Lair:1   | Entered Level 1 of the Lair of Beasts
 10163 | Lair:1   | Identified the +7 long sword of Ashenzari's Pride {drain,
                  | rF- Str+4 Dex+3}
 10205 | Lair:1   | Reached skill level 8 in Transmutations
 10319 | Lair:1   | Reached skill level 9 in Transmutations
 10585 | Lair:1   | Noticed a torpor snail
 10586 | Lair:1   | Noticed a death yak
 10592 | Lair:1   | Killed a torpor snail
 10596 | Lair:1   | Killed a death yak
 10597 | Lair:1   | Reached skill level 10 in Transmutations
 10679 | Lair:1   | Reached skill level 1 in Long Blades
 10700 | Lair:1   | Noticed a cane toad
 10709 | Lair:2   | Noticed a cane toad
 11049 | Lair:1   | Killed a cane toad
 11163 | Lair:1   | Reached XP level 11. HP: 53/78 MP: 15/15
 11411 | Lair:1   | Reached skill level 5 in Long Blades
 11428 | Lair:1   | Noticed Fannar
 11443 | Lair:1   | You fall into a shaft and drop 1 floor!
 11443 | Lair:2   | Noticed Nergalle
 11659 | Lair:2   | Reached ** piety under Hepliaklqana
 11708 | Lair:2   | Remembered your ancestor Tihomir as a battlemage
 11849 | Lair:2   | Found a staircase to the Shoals.
 11906 | Lair:2   | Noticed a spectral orc warlord
 11912 | Lair:2   | Killed Nergalle
 11972 | Lair:2   | Noticed a boulder beetle
 11985 | Lair:2   | Killed a boulder beetle
 12689 | Lair:2   | Noticed a skyshark
 12694 | Lair:2   | Killed a skyshark
 12776 | Lair:1   | Killed Fannar
 12777 | Lair:1   | Reached XP level 12. HP: 56/85 MP: 16/16
 13403 | Lair:3   | Reached skill level 5 in Evocations
 13466 | Lair:3   | Noticed a seven-headed hydra
 13475 | Lair:3   | Noticed a six-headed hydra
 13476 | Lair:3   | Killed a nine-headed hydra
 13812 | Lair:3   | Found a frozen archway.
 13819 | IceCv    | Entered an ice cave
 13819 | IceCv    | Reached *** piety under Hepliaklqana
 14172 | IceCv    | Noticed a reaper
 14207 | IceCv    | Mangled by a reaper

Illustrated notes

Levels and vault maps discovered:
D:1:      amcnicky_arrival_feature_with_door, layout_basic, serial_shops,
          shop_fountains, shop
D:2:      layout_loops_cross
D:3:      kennysheep_six_static_rooms, layout_loops_ring, fountainhead,
          minmay_door_square, st_stairs_10,
          nicolae_concentric_dashed_squares_wild, minmay_snake_closets
D:4:      layout_layer_cave, yredelemnul_altar_generic, uniq_sigmund
D:5:      layout_gridville, fedhas_altar_3, uniq_eustachio,
          uniq_crazy_yiuf_cottage
D:6:      layout_basic, nemelex_dance_club_becter, uniq_edmund, uniq_grinder
D:7:      layout_basic, mainiacjoe_overflow_large_starburst,
          minmay_temple_entry_statues_pillars, uniq_duvessa, uniq_joseph
D:8:      layout_basic, overflow_temple_1_default,
          gammafunk_temple_overflow_elements, lair_entry_dummy, serial_shops,
          shop, lightli_ossuary_entry_decrepit_ruins, serial_rivers,
          chequers_serial_rivers_small_b, chequers_serial_rivers_marsh,
          chequers_serial_rivers_small_a, chequers_serial_rivers_small_3,
          chequers_serial_rivers_micro_c, eino_tiny_chamber
D:9:      layout_rooms, mainiacjoe_overflow_catwalk, kennysheep_mini,
          erik_orc_2, serial_shops, shop,
          hangedman_abyss_or_decor_jellyfish_corner, lightli_minifort
Temple:   nicolae_temple_ecumenical_triangle
Lair:1:   layout_concentric_octagons, uniq_fannar
Lair:2:   layout_gridlike, shoals_dummy_entry, evilmike_ambush
          [evilmike_ambush_outer_pillars, evilmike_ambush_inner_basic],
          uniq_nergalle
Lair:3:   layout_layer_cave, nicolae_spider_entry_tight_spaces,
          portal_ice_cave_entry_ice_simulacra, roderic_batcave
IceCv:    ice_cave_caverns_03

Skill      XL: |  1  2  3  4  5  6  7  8  9 10 11 12 |
---------------+-------------------------------------+-----
Fighting       | 3 4 6 |  6.0
Maces & Flails | 1 2 3 |  3.1
Spellcasting   | 2 3 |  3.0
Transmutations | 2 3 6 10 | 10.1
Dodging        | 3 5 |  5.0
Axes           | 2 5 |  5.5
Armour         | 1 5 8 |  8.0
Long Blades    | 3 9 |  9.8
Evocations     | 2 6 |  6.0
Short Blades   | |  2.6
Throwing       | |  1.7

Action                     |  1- 3 |  4- 6 |  7- 9 | 10-12 || total
---------------------------+-------+-------+-------+-------++-------
  Melee: Rapier            |    40 |       |       |       ||    40
         Dagger            |    41 |       |       |       ||    41
         Punch             |     1 |     1 |     4 |       ||     6
         Whip              |    20 |   224 |    85 |       ||   329
         War axe           |       |       |   217 |    70 ||   287
         Long sword        |       |       |       |   257 ||   257
  Throw: Throwing net      |       |     2 |     2 |       ||     4
         Javelin           |       |     1 |     1 |     1 ||     3
         Boomerang         |       |     1 |       |       ||     1
   Cast: Wereblood         |       |     2 |     9 |    15 ||    26
 Invoke: Recall Ancestor   |       |       |       |     2 ||     2
         Ancestor Life: Ba |       |       |       |     1 ||     1
  Evoke: Wand              |       |       |       |     5 ||     5
         Condenser vane    |       |       |       |     1 ||     1
    Use: Scroll            |     2 |    13 |     4 |    11 ||    30
         Potion            |       |       |     4 |     1 ||     5
   Stab: Sleeping          |       |     2 |     1 |       ||     3
         Held in net/web   |       |     2 |       |       ||     2
         Distracted        |       |       |       |     5 ||     5
 Armour: Leather armour    |    30 |    52 |    88 |   142 ||   312
  Dodge: Dodged            |    53 |   135 |   209 |   186 ||   583
  Block: Kite shield       |       |       |    18 |   212 ||   230

Table legend: (Time is in decaauts)
 A = Elapsed time spent in this place.
 B = Non-inter-level travel time spent in this place.
 C = Inter-level travel time spent in this place.
 D = Time resting spent in this place.
 E = Time spent auto-exploring this place.
 F = Levels seen in this place.
 G = Mean time per level.
                   A        B        C        D        E       F      G
               +--------+--------+--------+--------+--------+-----+--------+
         Total |  14308 |  13571 |    737 |   3693 |   7657 |  15 |  953.9 |
       Dungeon |  10304 |   9661 |    643 |   2720 |   5617 |   9 | 1144.9 |
        Temple |     46 |     38 |      8 |      0 |     36 |   1 |   46.0 |
          Lair |   3385 |   3300 |     85 |    973 |   1632 |   3 | 1128.3 |
       Ossuary |    174 |    174 |      0 |      0 |     99 |   1 |  174.0 |
      Ice Cave |    397 |    397 |      0 |      0 |    273 |   1 |  397.0 |
               +--------+--------+--------+--------+--------+-----+--------+

Top non-repeatable levels by time:
     D:5: 1749 daAuts
  Lair:2: 1635 daAuts
     D:8: 1559 daAuts
     D:3: 1440 daAuts
     D:6: 1414 daAuts
  Lair:1: 1257 daAuts
     D:1: 1174 daAuts
     D:4: 1129 daAuts
     D:7: 1096 daAuts
     D:2: 706 daAuts
  Lair:3: 493 daAuts
   IceCv: 397 daAuts
 Ossuary: 174 daAuts
  Temple: 46 daAuts
     D:9: 33 daAuts
